 Dungeon Crawl Stone Soup version 0.28.0-43-g3370ac3207 (webtiles) character file.

Game seed: 17114186947298281678

443272 hjr the Slayer (level 23, -7/237 HPs)
             Began as a Minotaur Berserker on Mar 13, 2022.
             Was a High Priest of Trog.
             Mangled by the Enchantress
             ... wielding a +2 flail of venom
              (15 damage)
             ... on level 2 of the Depths on Mar 22, 2022.
             The game lasted 06:58:07 (84506 turns).

hjr the Slayer (Minotaur Berserker)                Turns: 84506, Time: 06:58:07

Health: -7/237     AC: 35    Str: 31    XL:     23   Next: 6%
Magic:  22/22      EV:  9    Int: 10    God:    Trog [*****.]
Gold:   1397       SH: 24    Dex: 17    Spells: 22/22 levels left

rFire   + + +      SeeInvis +   A - +11 war axe of Incongruity {vorpal, rPois rF+++ Str-4 Dex+4}
rCold   + + .      Faith    .   t - +2 kite shield of Day {rF+ Str+3}
rNeg    + + .      Spirit   .   o - +0 gold dragon scales
rPois   +          Reflect  +   L - -2 hat of the Alchemist {rElec rPois rF+ rC+ rN+ Will+ rMut rCorr}
rElec   +          Harm     .   y - +2 cloak {rPois}
rCorr   +          Rampage  .   u - +2 pair of gloves
rMut    +                       f - +1 pair of boots {Stlth+}
Will    ++...                   U - amulet of Nozxeohob {Reflect Fragile rN+ rCorr SH+5}
Stlth   ..........              E - ring of the Endless Expanse {Will+ Int+6 SInv}
HPRegen 1.49/turn               O - ring of Digissuc {+Blink Fly rPois Str+2 Stlth+}
MPRegen 0.18/turn

@: weak-willed, strong-willed, flying, regenerating, hasted, very quick
A: horns 2, retaliatory headbutt
}: 2/15 runes: decaying, gossamer
a: Renounce Religion, Evoke Blink, Berserk, Trog's Hand, Brothers in Arms


You were on level 2 of the Depths.
You worshipped Trog.
Trog was extremely pleased with you.
You visited 10 branches of the dungeon, and saw 44 of its levels.
You also visited: Ice Cave.

You collected 7598 gold pieces.
You spent 6201 gold pieces at shops.

Inventory:

Hand Weapons
 a - a +0 broad axe of flaming
 b - a +5 broad axe of freezing
 i - the +5 morningstar of Ruination {vamp, rF++ rN+ Str+5}
   (You took it off a deep elf death mage on level 3 of the Elven Halls)

   It occasionally heals its wielder for a portion of the damage dealt when it
   wounds a living foe.
   Str:       It affects your strength (+5).
   rF:        It greatly protects you from fire.
   rN:        It protects you from negative energy.
 m - a +2 broad axe of distortion
 A - the +11 war axe of Incongruity (weapon) {vorpal, rPois rF+++ Str-4 Dex+4}
   (Trog gifted it to you on level 2 of the Depths)

   It inflicts extra damage upon your enemies.
   Str:       It affects your strength (-4).
   Dex:       It affects your dexterity (+4).
   rF:        It renders you almost immune to fire.
   rPois:     It protects you from poison.
 N - a +3 vorpal broad axe
Missiles
 s - 39 poisoned darts (quivered)
 C - 4 throwing nets
Armour
 f - a +1 pair of boots of stealth (worn)
 o - +0 gold dragon scales (worn)
 r - a +2 plate armour of cold resistance
 t - the +2 kite shield of Day (worn) {rF+ Str+3}
   (You acquired it on level 3 of the Elven Halls)

   Str:       It affects your strength (+3).
   rF:        It protects you from fire.
 u - a +2 pair of gloves (worn)
 w - a +0 tower shield
 y - a +2 cloak of poison resistance (worn)
 L - the -2 hat of the Alchemist (worn) {rElec rPois rF+ rC+ rN+ Will+ rMut rCorr}
   (You bought it in a shop on level 3 of the Dungeon)

   rF:        It protects you from fire.
   rC:        It protects you from cold.
   rElec:     It insulates you from electricity.
   rPois:     It protects you from poison.
   rN:        It protects you from negative energy.
   rCorr:     It protects you from acid and corrosion.
   rMut:      It protects you from mutation.
   Will:      It increases your willpower.
Jewellery
 l - a ring of protection from cold
 E - the ring of the Endless Expanse (left hand) {Will+ Int+6 SInv}
   (You bought it in a shop on level 4 of the Depths)

   [ring of intelligence]

   Int:       It affects your intelligence (+6).
   SInv:      It lets you see invisible.
   Will:      It increases your willpower.
 M - a +6 ring of strength
 O - the ring of Digissuc (right hand) {+Blink Fly rPois Str+2 Stlth+}
   (You found it on level 1 of the Lair of Beasts)

   [ring of flight]

   Str:       It affects your strength (+2).
   rPois:     It protects you from poison.
   Fly:       It grants you flight.
   +Blink:    It lets you blink.
   Stlth:     It makes you more stealthy.
 Q - a ring of willpower
 U - the amulet of Nozxeohob (around neck) {Reflect Fragile rN+ rCorr SH+5}
   (You acquired it on level 2 of the Lair of Beasts)

   [amulet of reflection]

   It reflects blocked missile attacks.
   rN:        It protects you from negative energy.
   rCorr:     It protects you from acid and corrosion.
   Fragile:   It will be destroyed if unequipped.
   SH:        It affects your SH (+5).
Wands
 g - a wand of charming (1)
 n - a wand of paralysis (12)
 p - a wand of acid (23)
 v - a wand of iceblast (11)
 J - a wand of digging (5)
 P - a wand of mindburst (14)
 X - a wand of polymorph (12)
Scrolls
 c - 4 scrolls of enchant weapon
 d - a scroll of silence
 h - a scroll of blinking
 q - 7 scrolls of magic mapping
 F - 6 scrolls of fear
 G - 2 scrolls of holy word
 I - a scroll of summoning
 K - 3 scrolls of fog
 R - 8 scrolls of immolation
 T - 7 scrolls of enchant armour
 W - 13 scrolls of teleportation
Potions
 e - 9 potions of curing
 j - 2 potions of resistance
 k - 3 potions of berserk rage
 z - 5 potions of magic
 D - 5 potions of might
 S - 3 potions of invisibility
 V - 13 potions of ambrosia
 Y - 5 potions of cancellation
 Z - 7 potions of haste
Miscellaneous
 x - a condenser vane (inert)
 B - a phial of floods
 H - a lightning rod (4/4)


   Skills:
 + Level 26.2 Fighting
 + Level 25.6 Axes
 - Level 0.4 Slings
 + Level 26.0 Armour
 - Level 2.2 Dodging
 + Level 24.2 Shields


You had 22 spell levels left.
You didn't know any spells.
Your spell library was empty.

Dungeon Overview and Level Annotations

Branches:
Dungeon (15/15)            Temple (1/1) D:6            Lair (6/6) D:11
  Swamp (4/4) Lair:3       Spider (4/4) Lair:2        Slime (0/5) Lair:6
    Orc (2/2) D:12            Elf (3/3) Orc:2        Vaults (4/5) D:14
  Crypt (0/3) Vaults:3     Depths (4/4) D:15           Hell (visited)
    Zot (0/5) Depths:4      IceCv (visited)
    Dis: Hell:1         Geh: Hell:1         Coc: Hell:1         Tar: Hell:1

Altars:
Ashenzari
Cheibriados
Dithmenos
Elyvilon
Fedhas
Gozag
Hepliaklqana
Kikubaaqudgha
Makhleb
Nemelex Xobeh
Okawaru
Qazlal
Ru
Sif Muna
Trog
Uskayaw
Vehumet
Wu Jian
Xom
Yredelemnul
Zin
The Shining One
Beogh

Shops:
D:1 :   D:3 [   D:10 [   D:13 *   Orc:1 :   Orc:2 ?:*=   Elf:1 !   Elf:3 !
Vaults:3 ([::*   Vaults:4 !*(!*   Depths:4 =:=

Portals:
Hell: Depths:1 Depths:2 Depths:3 Depths:4
Abyss: Depths:2 Depths:3
Pandemonium: Depths:2
Ziggurat: Depths:4

Annotations:
D:4 exclusion: downstairs
Elf:2 1 runed translucent door
Depths:2 1 runed translucent door, the Enchantress
Hell Geryon


Innate Abilities, Weirdness & Mutations

You have a pair of horns on your head.
You reflexively headbutt those who attack you in melee.


Message History

You hear a shout!
Things that are here:
a +3 vampiric lajatang; a +0 robe You feel better.
You block the Enchantress's attack. You block the spriggan rider's attack.
The spriggan defender barely misses you.
You barely miss the spriggan defender. You headbutt the spriggan defender.
The spriggan defender is severely wounded.
The Enchantress blocks your attack.
The Enchantress hits you but does no damage.
You block the spriggan defender's attack.
Your deep troll barely misses the Enchantress.
Your deep troll completely misses the Enchantress. x2
Your skin crawls.
You feel strong-willed. You block the spriggan rider's attack.
You block the Enchantress's attack.
The spriggan defender hits you with a +1 rapier of protection!!
* * * LOW HITPOINT WARNING * * *
Your deep troll bites itself!
Your deep troll claws itself but does no damage.
Your deep troll claws itself!!
Unknown command.
Okay, then.
As you read the scroll of fog, it crumbles to dust.
The scroll dissolves into smoke.
You block the Enchantress's attack.
The spriggan defender hits you with a +1 rapier of protection!
* * * LOW HITPOINT WARNING * * *
You block the spriggan rider's attack.
Unknown command.
You feel better.
You block the spriggan defender's attack.
The Enchantress hits you with a +2 flail of venom!
* * * LOW HITPOINT WARNING * * *
You block the spriggan rider's attack. You block the Enchantress's attack.
As you read the scroll of summoning, it crumbles to dust.
Wisps of shadow whirl around you...
You block the spriggan defender's attack.
The Enchantress hits you with a +2 flail of venom!
You die...

###.............#
#............)...
*#...............
######.......##......
#...##(§.#..###...##.
*#...§i[<#..##..#####
##.)§§T§[[.##.#...#..
####§.Cii§§.....##.#....
#.#..§§@##§....###......
#....CR§##.............≈
##..#..§§§..........[..≈≈
#<.##...###..#..........≈
##)......#
#.##....?......
#.......##
#.#.....≈≈.....
#.......##
#......§≈§≈....
##.....##.#
#.....§≈≈≈≈....
##......####
#.....≈≈§p§≈...


You could see the Enchantress (fast, repels missiles, ally target), a spriggan
defender (strong, ally target), 2 friendly stone giants, a friendly rakshasa
(summoned) and a friendly deep troll (summoned, berserk, confused).

Vanquished Creatures
  Mennas (Vaults:2)
  Mara (Depths:2)
  A juggernaut (Depths:4)
  A golden dragon (Depths:4)
  Arachne (Spider:3)
  2 bone dragons (Depths:4)
  Jorgrun (Swamp:2)
  2 liches
  3 deep elf blademasters
  2 quicksilver dragons (Depths:3)
  2 walking divine tomes (Depths:3)
  2 deep elf master archers (Elf:3)
  Asterion (Depths:1)
  3 sphinxes
  A shadow dragon (Depths:3)
  A tengu reaver (Vaults:1)
  3 thorn hunters
  Agnes (Elf:1)
  Roxanne (Spider:3)
  3 storm dragons
  Donald (Elf:3)
  14 vault wardens
  2 fenstrider witches (Swamp:3)
  4 deep elf sorcerers
  5 fire giants
  An iron dragon (Depths:3)
  7 emperor scorpions
  6 frost giants
  3 ghost moths (Spider:4)
  A draconian knight (IceCv)
  An orc warlord (Orc:2)
  Aizul (Spider:4)
  4 deep elf elementalists
  A draconian shifter (Depths:4)
  A draconian annihilator (Depths:4)
  13 ironbound preservers
  A juggernaut skeleton (Depths:2)
  3 spriggan defenders
  28 very ugly things
  2 broodmothers
  11 stone giants
  3 war gargoyles
  9 ironbound thunderhulks
  A minotaur (Lair:4)
  A purple draconian (Depths:4)
  2 yellow draconians
  9 deep elf demonologists
  2 vampire knights
  6 eleionomae
  A black draconian (Depths:4)
  8 spark wasps
  7 white draconians
  6 bunyips
  4 deep elf annihilators (Elf:3)
  4 entropy weavers
  7 dire elephants
  4 deep elf death magi (Elf:3)
  A green death (Depths:1)
  11 ettins
  6 fire dragons
  9 yaktaur captains
  3 deep elf high priests
  8 great orbs of eyes
  2 ogre magi
  22 hydras
  7 vault guards
  A quicksilver dragon skeleton (Depths:2)
  An ice dragon (shapeshifter) (Vaults:2)
  5 spriggan air magi
  A spriggan skeleton (D:15)
  A jorogumo (Spider:4)
  A ghost crab (Swamp:2)
  10 boulder beetles
  2 peacekeepers
  12 ice dragons
  5 rakshasas
  8 alligators
  10 centaur warriors
  A jorogumo (shapeshifter) (Elf:1)
  An anaconda (Swamp:1)
  33 dancing weapons
  9 two-headed ogres
  6 tengu warriors
  2 catoblepae
  A radroach (Spider:2)
  4 ironbound frosthearts
  Urug (D:10)
  2 vampire magi
  A death yak (Lair:3)
  4 deep troll earth magi
  4 deep troll shamans
  4 orc high priests
  A titan zombie (Depths:2)
  20 spriggans
  2 sun demons (Depths:2)
  20 deep elf knights
  5 spriggan berserkers
  An iron troll (Depths:2)
  3 soul eaters
  A storm dragon zombie (D:15)
  6 goliath frogs
  9 skeletal warriors
  5 pharaoh ants
  2 spriggan druids
  3 bog bodies (Swamp:3)
  41 deep trolls
  14 deep elf archers
  9 orb spiders
  4 glowing orange brains
  An orange crystal statue (IceCv)
  10 wizards
  A flayed ghost (Depths:4)
  7 steelbarb worms
  10 lindwurms
  A phantasmal warrior (Vaults:1)
  9 swamp dragons
  15 ironbound convokers
  6 orc knights
  5 necromancers
  22 deep elf pyromancers
  35 deep elf zephyrmancers
  3 harpies (Vaults:2)
  12 wolf spiders
  A tengu skeleton (D:15)
  8 orc sorcerers
  3 manticores
  47 ugly things
  A salamander (Depths:2)
  9 will-o-the-wisps
  2 stone giant zombies
  18 cyclopes
  11 elephants
  3 moths of wrath
  An oklob plant (Spider:3)
  11 vault sentinels
  A sphinx skeleton (Vaults:1)
  A water nymph (Depths:1)
  2 stone giant skeletons
  A frost giant skeleton (Depths:2)
  4 black mambas
  3 gargoyles
  5 smoke demons (Depths:2)
  12 cane toads
  Maggie (D:7)
  2 unseen horrors
  4 torpor snails
  3 storm dragon simulacra (IceCv)
  A rime drake (shapeshifter) (D:9)
  15 komodo dragons
  11 demonic crawlers
  2 spriggan zombies
  5 rime drakes
  4 tengu conjurers
  2 freezing wraiths (D:12)
  An efreet (D:14)
  23 yaktaurs
  6 golden dragon simulacra
  12 trolls
  A bloated husk (Swamp:1)
  A polar bear (shapeshifter) (D:14)
  An ettin zombie (Vaults:1)
  10 meliai
  19 hornets
  Grinder (D:6)
  2 polar bears (Lair:6)
  A slime creature (shapeshifter) (Depths:3)
  21 tarantellas
  12 tyrant leeches
  10 slime creatures
  2 dream sheep
  15 blink frogs
  16 flying skulls (D:12)
  22 culicivoras
  4 air elementals
  A frost giant simulacrum (Depths:2)
  6 wraiths
  2 water elementals (Elf:3)
  30 jumping spiders
  3 shadows
  43 yaks
  11 basilisks
  2 vampires (D:12)
  4 wyverns
  6 steam dragons
  3 fire elementals
  65 redbacks
  7 vampire mosquitoes
  An elf skeleton (Vaults:3)
  14 swamp worms
  10 acid dragons
  4 wargs
  7 swamp drakes
  24 water moccasins
  35 orc warriors
  5 ice dragon simulacra (IceCv)
  2 sky beasts
  2 ice beasts
  6 black bears
  3 necrophages
  8 boggarts
  8 ogres
  4 centaurs
  34 wolves
  Blork the orc (D:6)
  3 kobold brigands
  16 bullfrogs
  A gnoll sergeant (D:7)
  3 cyclops zombies (D:13)
  4 earth elementals
  3 human skeletons (Vaults:3)
  3 scorpions
  A wyvern skeleton (D:5)
  9 killer bees
  8 lindwurm simulacra (IceCv)
  4 wights (D:8)
  6 electric eels
  4 howler monkeys
  13 jellies
  A bullfrog zombie (D:5)
  A centaur skeleton (D:6)
  2 hounds
  15 orc priests
  Crazy Yiuf (D:3)
  18 orc wizards
  4 iguanas
  8 gnolls
  6 adders
  A shadow imp (D:6)
  3 white imps (Lair:5)
  3 ufetubi
  An adder skeleton (D:4)
  An adder zombie (D:5)
  2 worms
  A dart slug (D:4)
  51 orcs
  13 endoplasms
  A giant cockroach (D:4)
  3 goblins
  6 hobgoblins
  2 jackals (D:5)
  16 kobolds
  2 quokkas
  5 ball pythons
  3 bats
  2 frilled lizards
  5 rats
  A briar patch (Swamp:4)
  A bush (Lair:6)
1681 creatures vanquished.

Vanquished Creatures (collateral kills)
  An acid blob (Spider:3)
  A deep elf blademaster (Elf:2)
  A deep elf sorcerer (Elf:3)
  2 emperor scorpions (Spider:4)
  An ironbound preserver (Vaults:2)
  2 deep elf annihilators
  A great orb of eyes (Vaults:2)
  A catoblepas (Lair:4)
  A centaur warrior (Vaults:1)
  A dancing weapon (Elf:2)
  An orb spider (Spider:4)
  A deep elf zephyrmancer (Elf:2)
  A deep elf archer (Elf:3)
  A deep elf pyromancer (Elf:3)
  2 wolf spiders (Spider:4)
  An orc knight (Orc:2)
  2 slime creatures (D:12)
  A kobold demonologist (D:12)
  A meliai (Spider:3)
  2 hornets (Spider:4)
  4 flying skulls (D:12)
  A spriggan (Lair:6)
  A redback (Spider:3)
  An electric eel (Spider:4)
32 creatures vanquished.

Vanquished Creatures (others)
  A fire giant (Depths:2)
  3 deep elf knights
  A spriggan (Swamp:2)
  A deep elf archer (Elf:1)
  A wizard (Vaults:4)
  A deep elf pyromancer (Elf:1)
  A manticore (D:12)
  A deep elf zephyrmancer (Elf:1)
  A meliai (Spider:4)
  3 bloated husks
  2 hornets
  A gnoll (D:7)
  2 briar patches (Swamp:4)
  64 foxfires
  29 fungi
  80 plants
  5 toadstools (D:9)
  3 withered plants (D:15)
200 creatures vanquished.

Grand Total: 1913 creatures vanquished

Notes
Turn   | Place    | Note
-------+----------+-------------------------------------------
     0 | D:1      | hjr the Minotaur Berserker began the quest for the Orb.
     0 | D:1      | Reached XP level 1. HP: 19/19 MP: 0/0
   392 | D:1      | Found a faded altar of an unknown god.
   429 | D:1      | Found Ilauh's Book Boutique.
   661 | D:1      | Reached XP level 2. HP: 27/27 MP: 1/1
   868 | D:2      | Reached XP level 3. HP: 4/33 MP: 2/2
  1396 | D:2      | Reached skill level 1 in Shields
  1914 | D:3      | Noticed a necrophage
  1927 | D:3      | Killed a necrophage
  1928 | D:3      | Reached XP level 4. HP: 41/41 MP: 3/3
  1928 | D:3      | Reached XP level 5. HP: 47/47 MP: 4/4
  2061 | D:3      | Found a runed translucent door.
  2062 | D:3      | Noticed Crazy Yiuf
  2070 | D:3      | Killed Crazy Yiuf
  2441 | D:3      | Reached skill level 5 in Fighting
  2441 | D:3      | Reached skill level 5 in Axes
  2866 | D:3      | Found Ifiamm's Antique Armour Shoppe.
  3105 | D:3      | Found a hazy altar of Hepliaklqana.
  3594 | D:4      | Reached XP level 6. HP: 56/56 MP: 5/5
  3719 | D:4      | Reached ** piety under Trog
  4272 | D:4      | Identified the +2 leather armour "Hapeoc" {Regen+ Dex+4
                  | Slay+2}
  4686 | D:4      | Reached skill level 5 in Armour
  4742 | D:4      | Reached XP level 7. HP: 26/62 MP: 6/6
  5038 | D:5      | Entered Level 5 of the Dungeon
  5552 | D:5      | Noticed a yak
  5552 | D:5      | Noticed a yak
  5553 | D:5      | Noticed a yak
  5889 | D:5      | Killed a yak
  5890 | D:5      | Reached skill level 5 in Shields
  5896 | D:5      | Killed a yak
  5897 | D:5      | Reached XP level 8. HP: 71/71 MP: 7/7
  6297 | D:6      | Noticed Grinder
  6306 | D:6      | Killed Grinder
  6699 | D:6      | Noticed Blork the orc
  6711 | D:6      | Killed Blork the orc
  6766 | D:6      | Reached XP level 9. HP: 81/81 MP: 8/8
  7013 | D:6      | Found a staircase to the Ecumenical Temple.
  7181 | D:6      | You fall into a shaft and drop 2 floors!
  7263 | D:8      | Noticed a troll
  7320 | D:8      | Killed a troll
  7545 | D:7      | Noticed Maggie
  7555 | D:7      | Killed Maggie
  8064 | Temple   | Entered the Ecumenical Temple
  9407 | D:8      | Reached XP level 10. HP: 75/91 MP: 9/9
  9976 | D:8      | Reached *** piety under Trog
 10847 | D:9      | Reached skill level 10 in Fighting
 10847 | D:9      | Reached skill level 10 in Axes
 10913 | D:9      | Noticed a red ugly thing
 10931 | D:9      | Killed a red ugly thing
 11127 | D:9      | Noticed a centaur warrior
 11132 | D:9      | Noticed a cyclops
 11146 | D:9      | Reached skill level 10 in Armour
 11150 | D:9      | Killed a centaur warrior
 11151 | D:9      | Killed a cyclops
 11420 | D:9      | Reached skill level 10 in Shields
 11585 | D:9      | Reached XP level 11. HP: 98/101 MP: 10/10
 11635 | D:9      | Noticed a two-headed ogre
 11671 | D:9      | Killed a two-headed ogre
 11790 | D:9      | Noticed a deep elf pyromancer
 12050 | D:9      | Killed a deep elf pyromancer
 12291 | D:9      | Found the +3 giant club "Skullcrusher" {speed, Str+7}
 12631 | D:10     | Entered Level 10 of the Dungeon
 12631 | D:10     | Noticed a two-headed ogre
 12639 | D:10     | Killed a two-headed ogre
 12757 | D:10     | Noticed a two-headed ogre
 12768 | D:10     | Killed a two-headed ogre
 13042 | D:10     | Noticed a two-headed ogre
 13044 | D:10     | Killed a two-headed ogre
 13137 | D:10     | Found Cheibriados's Comfort Zone.
 13138 | D:10     | Found a snail-covered altar of Cheibriados.
 13170 | D:10     | Noticed a two-headed ogre
 13179 | D:10     | Killed a two-headed ogre
 13384 | D:10     | Noticed Urug
 13392 | D:10     | Killed Urug
 13993 | D:11     | Found a staircase to the Lair.
 14646 | Lair:1   | Entered Level 1 of the Lair of Beasts
 14650 | Lair:1   | Reached **** piety under Trog
 14916 | Lair:1   | Reached XP level 12. HP: 94/113 MP: 9/11
 15045 | Lair:1   | Identified the ring of Digissuc {+Blink Fly rPois Str+2
                  | Stlth+}
 15827 | Lair:2   | Identified 2 scrolls of acquirement
 15827 | Lair:2   | Acquired the amulet of Nozxeohob {Reflect Fragile rN+ rCorr
                  | SH+5}
 15847 | Lair:2   | Acquired 1006 gold pieces
 16091 | D:3      | Bought the -2 hat of the Alchemist {rElec rPois rF+ rC+ rN+
                  | Will+ rMut rCorr} for 1416 gold pieces
 16091 | D:3      | Found the -2 hat of the Alchemist {rElec rPois rF+ rC+ rN+
                  | Will+ rMut rCorr}
 16475 | Lair:2   | Noticed a five-headed hydra
 16481 | Lair:2   | Killed a one-headed hydra
 16860 | Lair:2   | Found a hole to the Spider Nest.
 17772 | Lair:3   | Identified the +2 robe of the Vaults {Regen+ SInv}
 17882 | Lair:3   | Noticed a catoblepas
 17919 | Lair:3   | Killed a catoblepas
 18313 | Lair:3   | Found a staircase to the Swamp.
 19373 | Lair:3   | Noticed a death yak
 19379 | Lair:3   | Killed a death yak
 19409 | Lair:3   | Noticed an eight-headed hydra
 19409 | Lair:3   | Noticed a five-headed hydra
 19409 | Lair:3   | Noticed a boulder beetle
 19414 | Lair:3   | Killed a two-headed hydra
 19417 | Lair:3   | Killed a five-headed hydra
 19425 | Lair:3   | Killed a boulder beetle
 19914 | Lair:2   | Reached XP level 13. HP: 125/125 MP: 12/12
 20848 | Lair:4   | Reached ***** piety under Trog
 20849 | Lair:4   | Reached skill level 15 in Fighting
 21234 | Lair:4   | Found a runed translucent door.
 22447 | Lair:5   | Reached skill level 15 in Armour
 23286 | Lair:6   | Entered Level 6 of the Lair of Beasts
 23596 | Lair:6   | Found a staircase to the Slime Pits.
 23734 | Lair:6   | Reached XP level 14. HP: 136/136 MP: 13/13
 23737 | Lair:6   | Reached skill level 15 in Axes
 25338 | Lair:6   | Paralysed by a hornet for 2 turns
 25518 | Lair:6   | Identified the +2 scale mail of the Saviour {rN+ Str+4}
 27075 | D:12     | Identified the +7 hand axe "Gemix" {vorpal, Dex+6} (Trog
                  | gifted it to you on level 12 of the Dungeon)
 27075 | D:12     | Received a gift from Trog
 28053 | D:12     | Reached XP level 15. HP: 101/147 MP: 14/14
 28858 | D:12     | Found a staircase to the Orcish Mines.
 29564 | D:13     | Found Vyapnit's Hallowed Reliquary.
 29576 | D:13     | Bought a potion of heal wounds for 85 gold pieces
 29987 | D:13     | Reached skill level 15 in Shields
 30029 | D:13     | Received a gift from Trog
 30161 | D:13     | Found the +8 Wrath of Trog {antimagic, *Rage Rampage}
 30188 | D:13     | Identified the +8 hand crossbow of Contention {flame,
                  | Will+}
 31253 | D:14     | Found a gate to the Vaults.
 32335 | D:15     | Entered Level 15 of the Dungeon
 32351 | D:15     | Found a frozen archway.
 32426 | IceCv    | Entered an ice cave
 33529 | IceCv    | Noticed a white draconian knight
 33580 | IceCv    | Killed a white draconian knight
 33955 | IceCv    | Identified the amulet of Jealousy {Rampage +Inv rC+ Regen+}
 34023 | IceCv    | Identified the ring "Reakugo" {Wiz rN+ Dex+4}
 34539 | D:15     | Found a staircase to the Depths.
 34561 | D:15     | Reached XP level 16. HP: 145/158 MP: 15/15
 34926 | D:15     | Found a glowing golden altar of the Shining One.
 35354 | Orc:1    | Entered Level 1 of the Orcish Mines
 35666 | Orc:2    | Entered Level 2 of the Orcish Mines
 35666 | Orc:2    | Found a staircase to the Elven Halls.
 36094 | Orc:2    | Found Ehoa's Jewellery Shoppe.
 36949 | Orc:2    | Found Yxuohi's Magic Scroll Shoppe.
 37093 | Orc:2    | Found Qimmoene's General Store.
 37093 | Orc:2    | Found Poulotz's Book Boutique.
 37107 | Orc:2    | Bought a scroll of identify for 34 gold pieces
 37107 | Orc:2    | Bought a potion of heal wounds for 85 gold pieces
 37107 | Orc:2    | Bought a scroll of teleportation for 51 gold pieces
 37118 | Orc:2    | Bought a scroll of teleportation for 45 gold pieces
 37118 | Orc:2    | Bought a scroll of enchant weapon for 112 gold pieces
 37118 | Orc:2    | Bought a scroll of identify for 30 gold pieces
 37118 | Orc:2    | Bought a scroll of enchant armour for 112 gold pieces
 37118 | Orc:2    | Bought a scroll of magic mapping for 52 gold pieces
 37177 | Orc:1    | Found Majoqiam's Self-Improvement Boutique.
 38057 | Orc:1    | Received a gift from Trog
 38710 | Orc:1    | Bought a manual of Shields for 1120 gold pieces
 38837 | Swamp:1  | Entered Level 1 of the Swamp
 38837 | Swamp:1  | Noticed a thorn hunter
 38848 | Swamp:1  | Killed a thorn hunter
 38886 | Swamp:1  | Noticed a thorn hunter
 38898 | Swamp:1  | Killed a thorn hunter
 43146 | Lair:4   | Identified the +6 trident of Eret {spect, Fly Stlth+}
 43950 | Swamp:3  | Noticed Jorgrun
 44239 | Swamp:2  | Killed Jorgrun
 44584 | Swamp:3  | Reached XP level 17. HP: 159/168 MP: 16/16
 45592 | Swamp:3  | Identified the +2 hand crossbow of the Slashing Seeker
                  | {freeze, Int+2}
 45907 | Swamp:4  | Entered Level 4 of the Swamp
 47272 | Swamp:4  | Received a gift from Trog
 47561 | Swamp:4  | Got a decaying rune of Zot
 47907 | Spider:1 | Entered Level 1 of the Spider Nest
 49659 | Spider:2 | Received a gift from Trog
 50056 | D:3      | Bought a pair of embroidered gloves for 225 gold pieces
 50063 | D:3      | Bought a pair of runed gloves for 225 gold pieces
 51276 | Spider:3 | Noticed an acid blob
 51283 | Spider:3 | Killed an acid blob
 51350 | Spider:3 | Identified the amulet "Sahore" {Spirit Fragile Int+3}
 51388 | Spider:3 | Reached XP level 18. HP: 180/180 MP: 17/17
 51399 | Spider:3 | Noticed Roxanne
 51410 | Spider:3 | Killed Roxanne
 51726 | Spider:3 | Noticed Arachne
 51734 | Spider:3 | Killed Arachne
 53260 | Spider:4 | Entered Level 4 of the Spider Nest
 54064 | Spider:4 | Received a gift from Trog
 56622 | Spider:4 | Noticed Aizul
 56646 | Spider:4 | Killed Aizul
 57081 | Spider:4 | Got a gossamer rune of Zot
 57598 | Vaults:1 | Entered Level 1 of the Vaults
 58418 | Vaults:1 | Reached XP level 19. HP: 148/191 MP: 18/18
 58438 | Vaults:1 | Received a gift from Trog
 63514 | Vaults:3 | Noticed Mennas
 63531 | Vaults:3 | Received a gift from Trog
 64064 | Vaults:2 | Killed Mennas
 65530 | Vaults:3 | Found Fayrphiop's Antique Armour Emporium.
 65692 | Vaults:3 | Reached XP level 20. HP: 202/202 MP: 19/19
 65724 | Vaults:3 | Found Apnent's Book Boutique.
 65918 | Vaults:3 | Identified the +1 chain mail of Patterns {Drain rN+ Regen+
                  | Dex+3}
 65921 | Vaults:3 | Found Qonuh's General Store.
 65930 | Vaults:3 | Bought a scroll of enchant armour for 120 gold pieces
 65990 | Vaults:3 | Found Pyady's Book Shop.
 66521 | Vaults:3 | Found Zetiz's Weapon Shoppe.
 66571 | Vaults:3 | Found a staircase to the Crypt.
 66571 | Vaults:3 | Found a basalt altar of Yredelemnul.
 66578 | Vaults:3 | Found an ancient bone altar of Kikubaaqudgha.
 67175 | Vaults:4 | Received a gift from Trog
 67904 | Vaults:4 | Found Olaqeq's Assorted Antiques.
 68284 | Vaults:4 | Found Quycriese's General Store.
 68284 | Vaults:4 | Found Qiheifar's Distillery.
 68317 | Vaults:4 | Bought a potion of curing for 48 gold pieces
 68317 | Vaults:4 | Bought a potion of curing for 48 gold pieces
 68317 | Vaults:4 | Bought a potion of curing for 48 gold pieces
 68434 | Vaults:4 | Bought a potion of curing for 90 gold pieces
 68434 | Vaults:4 | Bought a potion of heal wounds for 150 gold pieces
 68573 | Vaults:4 | Found Jonetaudapp's Distillery.
 68583 | Vaults:4 | Bought a potion of might for 76 gold pieces
 68616 | Vaults:4 | Found Xaunukhlem's Weapon Emporium.
 69238 | Elf:1    | Entered Level 1 of the Elven Halls
 69273 | Elf:1    | Noticed Agnes
 69297 | Elf:1    | Killed Agnes
 69366 | Elf:1    | Paralysed by an air elemental for 1 turns
 69713 | Elf:1    | Identified the -4 cloak "Dihylientu" {rElec Stlth+}
 69829 | Elf:1    | Found Futset's Distillery.
 69837 | Elf:1    | Bought a potion of haste for 170 gold pieces
 69856 | Elf:1    | Paralysed by an air elemental for 1 turns
 69859 | Elf:1    | Paralysed by an air elemental for 1 turns
 70784 | Elf:2    | Paralysed by an air elemental for 1 turns
 71469 | Elf:2    | Reached ****** piety under Trog
 71480 | Elf:2    | Received a gift from Trog
 71485 | Elf:2    | Reached XP level 21. HP: 214/214 MP: 20/20
 71568 | Elf:2    | Found a runed translucent door.
 71597 | Elf:2    | Found a runed translucent door.
 71760 | Elf:2    | Paralysed by an air elemental for 1 turns
 72866 | Elf:3    | Entered Level 3 of the Elven Halls
 73456 | Elf:3    | Received a gift from Trog
 73463 | Elf:3    | Identified the ring "Piemuala" {Wiz rElec rF- Str+4}
 74398 | Elf:3    | Acquired the +2 kite shield of Day {rF+ Str+3}
 74639 | Elf:3    | Found Nusiqiop's Distillery.
 74645 | Elf:3    | Bought a potion of might for 52 gold pieces
 74922 | Elf:3    | Identified the +5 morningstar of Ruination {vamp, rF++ rN+
                  | Str+5}
 75217 | Elf:3    | Identified the amulet of Owazaf {Acrobat *Corrode Str+2
                  | Int+2}
 75218 | Elf:3    | Identified the +6 flail "Kyesuq" {freeze, *Rage rF+ rCorr
                  | Stlth+}
 75370 | Elf:3    | Received a gift from Trog
 75402 | Elf:3    | Noticed Donald
 75421 | Elf:3    | Killed Donald
 75696 | Elf:3    | Identified the +3 trident of Dishonour {venom, Dex+4 SInv}
 75844 | Depths:1 | Entered Level 1 of the Depths
 75875 | Depths:1 | Noticed Asterion
 75886 | Depths:1 | Killed Asterion
 76160 | Depths:1 | You are sucked into a shaft and drop 1 floor!
 76160 | Depths:2 | Found a gateway to Hell.
 76164 | Depths:2 | Noticed Mara
 76168 | Depths:2 | Noticed hjr's illusion
 76400 | Hell     | Entered the Vestibule of Hell
 76400 | Hell     | Noticed Geryon
 77023 | Depths:1 | Found a white marble altar of Elyvilon.
 77856 | Depths:2 | Reached XP level 22. HP: 197/226 MP: 21/21
 77874 | Depths:2 | Noticed hjr's illusion
 78026 | Depths:2 | Noticed hjr's illusion
 78032 | Depths:2 | Killed Mara
 78163 | Depths:2 | Identified the +11 war axe of Incongruity {vorpal, rPois
                  | rF+++ Str-4 Dex+4} (Trog gifted it to you on level 2 of the
                  | Depths)
 78163 | Depths:2 | Received a gift from Trog
 78580 | Depths:2 | Found a hazy altar of Hepliaklqana.
 78807 | Depths:2 | Noticed the Enchantress
 79279 | Depths:2 | Found a one-way gate to the infinite horrors of the Abyss.
 79325 | Depths:2 | Found a one-way gate leading to the halls of Pandemonium.
 79354 | Depths:2 | Noticed a juggernaut
 79355 | Depths:2 | Found a runed translucent door.
 79357 | Depths:2 | Noticed a caustic shrike
 80019 | Depths:3 | Received a gift from Trog
 80084 | Depths:3 | Found a sparkling altar of Nemelex Xobeh.
 82392 | Depths:4 | Entered Level 4 of the Depths
 82392 | Depths:4 | Noticed a golden dragon
 82398 | Depths:4 | Killed a golden dragon
 82406 | Depths:4 | Noticed a juggernaut
 83009 | Depths:4 | Found a one-way gateway to a ziggurat.
 83067 | Depths:4 | Killed a juggernaut
 83807 | Depths:4 | Found a gate to the Realm of Zot.
 83810 | Depths:4 | Reached XP level 23. HP: 197/236 MP: 22/22
 83956 | Depths:4 | Found Cuwupal's Jewellery Emporium.
 83956 | Depths:4 | Found Ecuol's Book Shop.
 83957 | Depths:4 | Found Retim's Jewellery Emporium.
 84200 | Depths:4 | Bought the ring of the Endless Expanse {Will+ Int+6 SInv}
                  | for 1807 gold pieces
 84503 | Depths:2 | HP: 8/237 [spriggan defender/+1 rapier of protection[the
                  | Enchantress] (11)]
 84506 | Depths:2 | Mangled by the Enchantress

Illustrated notes

Levels and vault maps discovered:
D:1:      lightli_arrival_maybe_door_vault, layout_loops_cross, serial_shops,
          nicolae_shop_window_shopping, hellmonk_ecumenical_altar_run_dry,
          palyth_stone_intersect
D:2:      layout_rooms, supply_closet_lemuel, amcnicky_mini_rare_corridor_liquid
D:3:      layout_loops_ring, mainiacjoe_overflow_alcove_4, serial_shops, shop,
          uniq_crazy_yiuf_cottage
D:4:      layout_basic
D:5:      layout_basic
D:6:      wander_river, layout_basic, minmay_temple_entry_statues_pillars,
          uniq_blork_the_orc, uniq_grinder
D:7:      layout_layer_cave, uniq_maggie
D:8:      layout_basic, special_room [special_room_orc]
D:9:      minmay_cut_squares, layout_gridville, minmay_gold_behind_fungi
D:10:     layout_roguey, grunt_ministairs_5, minmay_shop_chei, uniq_urug
D:11:     layout_basic, david_lair_generic
D:12:     minmay_the_grid_octo_tiled_octocenter_mashed
          [minmay_the_grid_octo_chip, minmay_the_grid_octo_clover,
          minmay_the_grid_octo_fan_narrow, minmay_the_grid_octo_77,
          minmay_the_grid_octo_prize_ultimate_mussel_roller,
          minmay_the_grid_square_5x5_inner_v,
          minmay_the_grid_square_5x5_spiral_small,
          minmay_the_grid_square_5x5_n_small,
          minmay_the_grid_square_5x5_fancy_junction], layout_cave_pools,
          minmay_guarded_unrand_skullcrusher
D:13:     giant_chief_lemuel, layout_long_grid, nicolae_good_shop
D:14:     layout_cross, erik_vaults_1, serial_glass, glass_columns_a,
          grunt_decor_fettered, chequers_mini_garden
D:15:     gammafunk_depths_entry_grave, layout_stronghold,
          hangedman_abyss_or_decor_jellyfish_corner,
          portal_ice_cave_entry_pillars_2, chequers_serial_rivers_micro_c,
          tso_altar
Temple:   kilobyte_greek_temple
Lair:1:   layout_loops_ring
Lair:2:   layout_hall_layers, nicolae_spider_entry_tight_spaces,
          grunt_megastairs_1, serial_bayou_shore_b, lemuel_fruit_fields,
          serial_bayou_shore_a, serial_bayou_shore_b, infiniplex_staircase_pool
Lair:3:   nzn_winding_woodlands_stair_cross [nzn_winding_woodlands_5x15_jagged,
          nzn_winding_woodlands_center_garden,
          nzn_winding_woodlands_5x15_river_crossing,
          nzn_winding_woodlands_5x5_open_star, nzn_winding_woodlands_hourglass,
          nzn_winding_woodlands_5x15_zeroes, nzn_winding_woodlands_center_lodge,
          nzn_winding_woodlands_5x15_pockets], layout_chaotic_city,
          minmay_swamp_entry_eels
Lair:4:   dreamdust_labyrinth, layout_regular_city, infiniplex_staircase_pool_2,
          grunt_megastairs_5
Lair:5:   layout_cave_pods, bobbens_ice_dragon_lair
Lair:6:   minmay_lair_end_enchanted_forest, layout_cave_shapes,
          minmay_slime_entry_jelly_boxes, nicolae_lair_grove_arrangements
Swamp:1:  layout_falls_marsh, evilmike_swamp_ruin_house_5,
          nicolae_swamp_snake_nest
Swamp:2:  layout_basic_swamp, hangedman_swamp_pad
Swamp:3:  layout_falls_marsh, nicolae_swamp_decorative_isthmus, swamp_pool2,
          nicolae_swamp_spooky_pond, uniq_jorgrun
Swamp:4:  swamp_alternative, layout_basic_swamp, swamp_pool1,
          nicolae_swamp_bloodsuckers_inc
Spider:1: layout_spider_delve, hangedman_spider_tarantella_strand
Spider:2: layout_spider_delve
Spider:3: layout_spider_delve, drop_trap, nicolae_spider_acid_house,
          uniq_arachne, uniq_roxanne
Spider:4: spider_rune_water, uniq_aizul
Orc:1:    orc_temple, layout_caves, basic_altar, nicolae_shop_self_help
Orc:2:    st_orc_elflike, layout_caves
Elf:1:    layout_gridlike, serial_shops, shop_statue, serial_glass,
          glass_columns_b, glass_columns_c, glass_columns_b, glass_columns_c,
          glass_columns_a, glass_columns_a, glass_columns_a, glass_columns_a,
          hangedman_elf_represent, st_stairs_12, uniq_agnes
Elf:2:    nicolae_elf_blades_splatter_lattice
          [nicolae_blade_entry_splitting_headache], layout_geoelf_octagon
Elf:3:    grunt_elf_hall_branching, layout_loops_corners, minmay_shop_star,
          uniq_donald
Vaults:1: hangedman_vaults_river_flow, nicolae_vaults_triangles,
          ontoclasm_vaults_idyll, v_misc_5, nicolae_vaults_murderbox,
          nicolae_vaults_border_crossing, nicolae_vaults_angled_halls,
          layout_vaults_omnigrid
Vaults:2: vaults_room_large_hall, nicolae_vaults_hallways_thing,
          nicolae_vaults_yaktaur_gun_rack, nicolae_vaults_ring_of_whatevers,
          v_misc_3, hangedman_vaults_stretched_pinwheel, vaults_mumra_chevron,
          vaults_room_semicircle, nicolae_vaults_inception_statues,
          ontoclasm_vaults_ring_large, grunt_vaults_hallway_short,
          nicolae_vaults_ring_of_whatevers, grunt_vaults_focal,
          nicolae_vaults_arrows, nicolae_vaults_theta, layout_vaults_maze_bifur
Vaults:3: ontoclasm_vaults_tryst, nicolae_vaults_ring_of_whatevers,
          minmay_crypt_entry_necro_gods, ontoclasm_vaults_eye,
          hangedman_vaults_pinch, v_misc_2, ontoclasm_vaults_ring_small,
          nicolae_vaults_circle_grid_b, grunt_vaults_twisty, vaults_room_fours,
          nicolae_vaults_diagonal_hallway_9, nicolae_vaults_alarming,
          vaults_room_hallway, layout_vaults_ring, serial_shops,
          nicolae_shop_statue_plus, shop, shop, shop, nicolae_diamond_shop,
          uniq_mennas
Vaults:4: vaults_dpeg_hooks, nicolae_vaults_little_squares_1,
          vaults_room_corners, ontoclasm_vaults_ring_small,
          nicolae_vaults_little_squares_2, hangedman_vaults_stagger,
          st_spiral_rooms, v_misc_8, nicolae_vaults_windows_and_doors_thing,
          v_misc_33, vaults_room_grid, nicolae_vaults_three_branches,
          vaults_room_pools, layout_vaults_omnibox, serial_shops,
          nicolae_shop_advertising_works [nicolae_subvault_shop_adworks], shop,
          nicolae_shop_statue_plus, shop_statue, shop
Depths:1: layout_honeycomb, hell_entry, minmay_misc_feat_hallway,
          nicolae_elyvilon_temple_path, uniq_asterion
Depths:2: minmay_gate_of_8, layout_cave_shapes,
          nicolae_hepliaklqana_hazy_memory, pan_entry, hellmouth_3,
          abyss_entry_crystal, uniq_enchantress, uniq_mara
Depths:3: kennysheep_snake, layout_basic, abyss_entry, hell_entry,
          nemelex_spade_bored_becter, grunt_megastairs_2,
          minmay_staircase_statues
Depths:4: grunt_zot_entry_alcove, layout_cave_pools, enter_ziggurat_f,
          minmay_crystal_room, pf_hell_entry_great_geh, minmay_shop_grove,
          serial_bayou_shore_b, serial_bayou_shore_b
Hell

Skill      XL: |  1  2  3  4  5  6  7  8  9 10 11 12 13 14 15 16 17 18 19 20 21 22 23 |
---------------+----------------------------------------------------------------------+-----
Fighting       | 4 5 6 8 9 10 12 14 15 17 18 19 20 21 22 24 25 26 | 26.2
Axes           | 4 5 6 7 9 10 12 14 16 17 18 19 21 22 23 24 25 | 25.6
Armour         | 3 4 5 6 7 9 10 12 14 15 16 18 19 20 21 22 24 25 26 | 26.0
Shields        | 2 3 5 6 8 10 11 12 14 15 17 20 21 22 23 24 | 24.2
Slings         | |  0.4
Dodging        | |  2.2

Action                   |  1- 3 |  4- 6 |  7- 9 | 10-12 | 13-15 | 16-18 | 19-21 | 22-24 || total
-------------------------+-------+-------+-------+-------+-------+-------+-------+-------++-------
Melee: Hand axe          |    57 |   108 |   136 |       |    29 |       |       |       ||   330
       Headbutt          |     7 |    19 |    52 |   104 |   347 |   453 |   426 |   225 ||  1633
       War axe           |       |       |    79 |       |    78 |     1 |       |   596 ||   754
       Broad axe         |       |       |    25 |   517 |  1178 |  1692 |  1596 |    67 ||  5075
 Fire: Hunting sling     |       |    27 |     5 |     5 |       |       |       |       ||    37
Throw: Stone             |    23 |     5 |    30 |     4 |       |       |       |       ||    62
       Dart              |       |       |    10 |     8 |    25 |    49 |    15 |     6 ||   113
Invok: Berserk           |     2 |     1 |     2 |     3 |     1 |     1 |     1 |       ||    11
       Trog's Hand       |       |     2 |     2 |     5 |     8 |     2 |     2 |     5 ||    26
       Brothers in Arms  |       |       |       |       |     7 |    14 |    11 |     3 ||    35
 Abil: Evoke Blink       |       |       |       |     1 |       |       |       |       ||     1
Evoke: Wand              |       |       |     2 |       |       |    12 |     8 |     3 ||    25
       Phial of floods   |       |       |       |       |     2 |       |       |       ||     2
       Lightning rod     |       |       |       |       |     1 |       |       |       ||     1
       Condenser vane    |       |       |       |       |       |       |       |     1 ||     1
  Use: Potion            |     3 |       |       |     1 |     3 |     6 |     7 |     5 ||    25
       Scroll            |       |       |       |    20 |     5 |    12 |     9 |     4 ||    50
 Stab: Petrified         |       |       |       |       |     3 |       |       |       ||     3
       Distracted        |       |       |       |       |       |     3 |     2 |     1 ||     6
       Confused          |       |       |       |       |       |       |       |     1 ||     1
Armor: Ring mail         |    24 |    15 |       |       |       |       |       |       ||    39
       Plate armour      |       |    15 |   125 |   218 |   428 |   760 |   454 |   153 ||  2153
       Gold dragon scale |       |       |       |       |       |       |       |    22 ||    22
Dodge: Dodged            |    29 |    40 |    41 |   108 |   204 |   358 |   254 |   117 ||  1151
Block: Kite shield       |       |    54 |   112 |   386 |  1031 |  1631 |   575 |   510 ||  4299
       Reflection        |       |       |       |     1 |    27 |    42 |   162 |    16 ||   248
       Tower shield      |       |       |       |       |       |       |   920 |       ||   920
